 Dungeon Crawl Stone Soup version 0.29.1-14-g9c671dbff4 (webtiles) character file.

Game seed: 9149213913687706147

98 booth the Magician (level 4, -1/32 HPs)
             Began as a Gnoll Wanderer on Feb 19, 2023.
             Was a Follower of Dithmenos.
             Succumbed to Terence's poison
             ... on level 3 of the Dungeon.
             The game lasted 00:18:50 (2569 turns).

booth the Magician (Gnoll Wanderer)                 Turns: 2569, Time: 00:18:51

Health: -1/32      AC: 13    Str: 11    XL:     4   Next: 71%
Magic:  2/13       EV: 12    Int: 13    God:    Dithmenos [*.....]
Gold:   94         SH:  0    Dex: 12    Spells: 9/17 levels left

rFire   . . .      SeeInvis .   i - +0 hand axe (protect)
rCold   . . .      Faith    .   (no shield)
rNeg    . . .      Spirit   .   c - +0 robe
rPois   .          Reflect  .   g - +2 hat
rElec   .          Harm     .   (no cloak)
rCorr   .          Rampage  .   (no gloves)
Will    .....                   d - +1 pair of boots
Stlth   +++.......              (no amulet)
HPRegen 0.10/turn               k - ring of wizardry
MPRegen 0.13/turn               (no ring)

@: lethally poisoned (-1 -> -11), under a protective aura, wreathed by umbra
A: fangs 1, strong nose, distributed training
a: Renounce Religion


You were on level 3 of the Dungeon.
You worshipped Dithmenos.
Dithmenos was aware of your devotion.
You visited 1 branch of the dungeon, and saw 3 of its levels.

You collected 94 gold pieces.

Inventory:

Hand Weapons
 a - a +0 dagger
 h - a +0 mace
 i - a +0 hand axe of protection (weapon)
Missiles
 f - 7 poisoned darts (quivered)
Armour
 c - a +0 robe (worn)
 d - a +1 pair of boots (worn)
 g - a +2 hat (worn)
 o - a +0 leather armour
Jewellery
 k - a ring of wizardry (left hand)
Scrolls
 b - 3 scrolls of teleportation
 l - a scroll of identify
Potions
 e - a potion of resistance {unknown}
 j - a potion of heal wounds
 m - a potion of curing
 n - a potion of experience {unknown}


   Skills:
 + Level 1.2 Fighting
 + Level 1.2 Short Blades
 + Level 1.2 Long Blades
 + Level 1.2 Axes
 + Level 1.2 Maces & Flails
 + Level 1.2 Polearms
 + Level 1.2 Staves
 + Level 1.2 Ranged Weapons
 + Level 1.2 Throwing
 + Level 1.2 Armour
 + Level 2.8 Dodging
 + Level 4.3 Stealth
 + Level 1.2 Shields
 + Level 1.2 Unarmed Combat
 + Level 7.2 Spellcasting
 + Level 1.0 Conjurations
 + Level 1.0 Hexes
 + Level 1.0 Summonings
 + Level 1.0 Necromancy
 + Level 1.0 Translocations
 + Level 5.5 Transmutations
 + Level 1.0 Fire Magic
 + Level 1.0 Ice Magic
 + Level 1.0 Air Magic
 + Level 1.0 Earth Magic
 + Level 1.0 Poison Magic
 + Level 1.4 Invocations
 + Level 1.2 Evocations


You had 9 spell levels left.
You knew the following spells:

 Your Spells              Type           Power      Damage    Failure   Level
a - Magic Dart            Conj           28%        1d4       4%          1
b - Shock                 Conj/Air       28%        1d4       4%          1
c - Wereblood             Tmut           19%        N/A       1%          2
d - Passwall              Tmut/Erth      10%        N/A       2%          2
e - Blink                 Tloc           14%        N/A       6%          2

Your spell library contained the following spells:

 Spells                   Type           Power      Damage    Failure   Level
 Apportation              Tloc           14%        N/A       4%          1
 Necrotise                Necr           28%        1d5       4%          1
 Summon Small Mammal      Summ           28%        N/A       4%          1
 Call Imp                 Summ           7%         N/A       6%          2
 Mephitic Cloud           Conj/Pois/Air  7%         N/A       12%         3
 Stone Arrow              Conj/Erth      14%        3d7       12%         3


Dungeon Overview and Level Annotations

Branches:
Dungeon (3/15)

Altars:
Dithmenos

Annotations:
D:3 Terence


Innate Abilities, Weirdness & Mutations

You have very sharp teeth.
Your uncanny sense of smell can sniff out nearby items.
Your experience applies equally to all skills.


Message History

Terence hits you but does no damage.
Okay, then.
Casting: Magic Dart (safe; 4% risk of failure)
Confirm with . or Enter, or press ? or * to list all spells.
You blink.
Casting: Blink (safe; 6% risk of failure)
Confirm with . or Enter, or press ? or * to list all spells.
You don't have enough magic to cast this spell.
Unknown command.
You feel stable enough to blink again. Terence shouts, "Now you die!"
Your magical contamination has completely faded away.
A giant cockroach comes into view.
Casting: Blink (safe; 6% risk of failure)
Confirm with . or Enter, or press ? or * to list all spells.
Aiming: Magic Dart (safe; 4% risk of failure)
Press: ? - help, Shift-Dir - straight line, f/p - Terence
Aim: Terence, wielding a +2 short sword of venom and wearing a +0 scale mail (severely wounded, 100% to hit)
The magic dart hits Terence but does no damage.
Terence is severely wounded.
You hit Terence but do no damage.
Your weapon exudes an aura of protection.
Terence is severely wounded.
Terence hits you with a +2 short sword of venom.
* * * LOW HITPOINT WARNING * * *
Terence hits you with a +2 short sword of venom.
* * * LOW HITPOINT WARNING * * *
You hit Terence but do no damage. You bite Terence, but do no damage.
Terence is severely wounded.
Terence closely misses you.
You hit Terence. Your bite misses Terence.
Terence is almost dead.
Terence barely misses you.
You hit Terence but do no damage.
Terence is almost dead.
Terence hits you but does no damage.
You are lethally poisoned!
You hit Terence.
Terence is almost dead.
You die...

.....?.#.........#
#B..........†....#
###...(.##.#.).....#
........ #.#.......#
........ #...##....# ##
........ #...##....####.
........###..#####......
.......#...............#
.......@@..............#
.....######......###....
... #...#### ##### .
#..## # ##.. # ####


You could see Terence and a giant cockroach (asleep).

Vanquished Creatures
  Jessica (D:3)
  2 adders (D:2)
  A worm (D:2)
  2 dart slugs
  An orc (D:3)
  6 endoplasms
  2 giant cockroaches (D:1)
  3 goblins
  3 hobgoblins
  2 quokkas
  5 ball pythons
  9 bats
  3 frilled lizards
  3 kobolds (D:2)
  A rat (D:1)
44 creatures vanquished.

Notes
Turn   | Place    | Note
-------+----------+-------------------------------------------
     0 | D:1      | booth the Gnoll Wanderer began the quest for the Orb.
     0 | D:1      | booth set off with the following items: a +0 dagger, a
                  | scroll of teleportation, a +0 robe, a +0 pair of boots; and
                  | the following spells available to memorise: Wereblood,
                  | Passwall, Magic Dart, Shock, Blink, Stone Arrow.
     0 | D:1      | Reached XP level 1. HP: 13/13 MP: 8/8
    97 | D:1      | Learned a level 1 spell: Magic Dart
    99 | D:1      | Learned a level 1 spell: Shock
   370 | D:1      | Reached XP level 2. HP: 19/19 MP: 10/10
   373 | D:1      | Learned a level 2 spell: Wereblood
   376 | D:1      | Learned a level 2 spell: Passwall
   379 | D:1      | Learned a level 2 spell: Blink
  1377 | D:2      | Reached XP level 3. HP: 24/25 MP: 11/11
  1452 | D:2      | Reached skill level 1 in Invocations
  1653 | D:2      | Reached skill level 1 in Fighting
  1653 | D:2      | Reached skill level 1 in Short Blades
  1653 | D:2      | Reached skill level 1 in Long Blades
  1653 | D:2      | Reached skill level 1 in Axes
  1653 | D:2      | Reached skill level 1 in Maces & Flails
  1653 | D:2      | Reached skill level 1 in Polearms
  1653 | D:2      | Reached skill level 1 in Staves
  1653 | D:2      | Reached skill level 1 in Ranged Weapons
  1653 | D:2      | Reached skill level 1 in Throwing
  1653 | D:2      | Reached skill level 1 in Armour
  1653 | D:2      | Reached skill level 1 in Shields
  1653 | D:2      | Reached skill level 1 in Unarmed Combat
  1653 | D:2      | Reached skill level 1 in Evocations
  1697 | D:2      | Found a faded altar of an unknown god.
  1738 | D:2      | Reached XP level 4. HP: 14/32 MP: 3/13
  2064 | D:2      | Prayed at the altar of an unknown god.
  2064 | D:2      | Became a worshipper of Dithmenos the Shadowed
  2064 | D:2      | Reached * piety under Dithmenos
  2303 | D:3      | Noticed Jessica
  2317 | D:3      | Killed Jessica
  2318 | D:3      | Reached skill level 1 in Conjurations
  2318 | D:3      | Reached skill level 1 in Hexes
  2318 | D:3      | Reached skill level 1 in Summonings
  2318 | D:3      | Reached skill level 1 in Necromancy
  2318 | D:3      | Reached skill level 1 in Translocations
  2318 | D:3      | Reached skill level 1 in Fire Magic
  2318 | D:3      | Reached skill level 1 in Ice Magic
  2318 | D:3      | Reached skill level 1 in Air Magic
  2318 | D:3      | Reached skill level 1 in Earth Magic
  2318 | D:3      | Reached skill level 1 in Poison Magic
  2377 | D:3      | Noticed Terence
  2546 | D:3      | HP: 1/32 [Terence/+2 short sword of venom (3)]
  2569 | D:3      | Succumbed to Terence's poison

Illustrated notes

Levels and vault maps discovered:
D:1:      kennysheep_arrival_seaside, layout_basic, serial_rivers,
          chequers_serial_rivers_micro_a, chequers_serial_rivers_large_b,
          chequers_serial_rivers_marsh, chequers_serial_rivers_micro_d,
          chequers_serial_rivers_marsh, chequers_serial_rivers_micro_d
D:2:      cheibrodos_old_hovel, layout_basic, basic_ecumenical_altar
D:3:      layout_rooms, uniq_terence, uniq_jessica

Skill      XL: |  1  2  3  4 |
---------------+-------------+-----
Invocations    | 1 |  1.4
Fighting       | 1 |  1.2
Short Blades   | 1 |  1.2
Long Blades    | 1 |  1.2
Axes           | 1 |  1.2
Maces & Flails | 1 |  1.2
Polearms       | 1 |  1.2
Staves         | 1 |  1.2
Ranged Weapons | 1 |  1.2
Throwing       | 1 |  1.2
Armour         | 1 |  1.2
Shields        | 1 |  1.2
Unarmed Combat | 1 |  1.2
Evocations     | 1 |  1.2
Conjurations   | 1 |  1.0
Hexes          | 1 |  1.0
Summonings     | 1 |  1.0
Necromancy     | 1 |  1.0
Translocations | 1 |  1.0
Fire Magic     | 1 |  1.0
Ice Magic      | 1 |  1.0
Air Magic      | 1 |  1.0
Earth Magic    | 1 |  1.0
Poison Magic   | 1 |  1.0
Dodging        | |  2.8
Stealth        | |  4.3
Spellcasting   | |  7.2
Transmutations | |  5.5

Action                   |  1- 3 |  4- 6 || total
-------------------------+-------+-------++-------
Melee: Dagger            |    15 |       ||    15
       Hand axe          |    90 |    36 ||   126
       Bite              |     7 |     5 ||    12
       Punch             |     2 |     1 ||     3
 Cast: Magic Dart        |    11 |     9 ||    20
       Shock             |     9 |     5 ||    14
       Blink             |       |     1 ||     1
  Use: Scroll            |     4 |       ||     4
       Potion            |       |     1 ||     1
 Stab: Sleeping          |     4 |     2 ||     6
Armor: Robe              |    50 |    17 ||    67
Dodge: Dodged            |    94 |    29 ||   123
